 Dungeon Crawl Stone Soup version 0.19.0-11-g3fc08b3 (webtiles) character file.

6097 Andry07 the Protected (level 10, -11/68 HPs)
             Began as a Gargoyle Fighter on Nov 10, 2016.
             Was an Elder of Okawaru.
             Mangled by a hill giant
             ... wielding a cursed -3 giant spiked club
              (33 damage)
             ... on level 11 of the Dungeon.
             The game lasted 00:24:29 (9968 turns).

Andry07 the Protected (Gargoyle Fighter)            Turns: 9968, Time: 00:24:29

Health: -11/68     AC: 26    Str: 21      XL:     10   Next: 88%
Magic:  10/10      EV:  7    Int:  8      God:    Okawaru [****..]
Gold:   729        SH: 11    Dex:  9 (10) Spells: 0 memorised, 9 levels left

rFire  + . .     SeeInvis .     a - +0 flail
rCold  + . .     Gourm    .     p - +1 chain mail {rF+}
rNeg   + + .     Faith    .     c - +0 shield
rPois  ∞         Spirit   .     I - +2 helmet
rElec  +         Reflect  .     e - +0 cloak
rCorr  .         Harm     .     (no gloves)
MR     ++...                    z - +0 pair of boots
Stlth  ..........               (no amulet)
                                D - ring of protection from magic
                                i - ring of positive energy

@: slowed, very slow
A: cold resistance 1, deterioration 1, dopey 1, magic resistance 1, negative
energy resistance 1, screaming 1, electricity resistance, unbreathing,
petrification resistance, rot immunity, AC +7
a: Heroism, Renounce Religion


You were on level 11 of the Dungeon.
You worshipped Okawaru.
Okawaru was greatly pleased with you.
You were not hungry.

You visited 2 branches of the dungeon, and saw 12 of its levels.

You collected 729 gold pieces.

Inventory:

Hand Weapons
 a - a +0 flail (weapon)
Armour
 c - a +0 shield (worn)
 e - a +0 cloak (worn)
 p - a +1 chain mail of fire resistance (worn)
 z - a +0 pair of boots (worn)
 I - a +2 helmet (worn)
Rods
 W - a +2 rod of clouds (10/10)
   (You found it on level 10 of the Dungeon)
Jewellery
 i - a ring of positive energy (left hand)
 C - an uncursed ring of resist corrosion
 D - a ring of protection from magic (right hand)
 F - an uncursed ring of protection from magic
 N - an uncursed ring of protection from cold
 T - a +4 ring of intelligence {unknown}
Wands
 y - a wand of iceblast (13/15)
 Q - a wand of hasting (4/9)
Scrolls
 b - 2 scrolls of immolation {unknown}
 k - 5 scrolls of teleportation
 m - 2 scrolls of fear {unknown}
 q - 6 scrolls of remove curse
 r - 2 scrolls of amnesia {unknown}
 t - 6 scrolls of enchant armour
 w - 3 scrolls of enchant weapon
 E - 3 scrolls of random uselessness {unknown}
 H - 3 scrolls of blinking {unknown}
 L - 3 scrolls of magic mapping {unknown}
 U - a scroll of identify
 Y - a scroll of acquirement {unknown}
Potions
 d - a potion of might
 g - 4 potions of agility
 h - a potion of magic {unknown}
 j - 4 potions of brilliance
 l - 2 potions of beneficial mutation
 n - 4 potions of mutation
 s - 3 potions of haste
 x - a potion of lignification {unknown}
 A - 6 potions of curing {unknown}
 B - 3 potions of heal wounds {unknown}
 G - a potion of cure mutation {unknown}
 J - a potion of flight {unknown}
 P - a potion of berserk rage {unknown}
 V - a potion of resistance
 Z - a potion of ambrosia {unknown}
Books
 K - a book of Death

   Spells                             Type                      Level
   a - Corpse Rot                     Necromancy                   2
   b - Sublimation of Blood           Necromancy                   2
   c - Agony                          Necromancy                   5
   d - Dispel Undead                  Necromancy                   5
   e - Excruciating Wounds            Charms/Necromancy            5
   f - Bolt of Draining               Conjuration/Necromancy       5
 R - a book of Maledictions

   Spells                             Type                      Level
   a - Corona                         Hexes                        1
   b - Ensorcelled Hibernation        Hexes/Ice                    2
   c - Confuse                        Hexes                        3
   d - Tukima's Dance                 Hexes                        3
   e - Dazzling Spray                 Conjuration/Hexes            3
 X - a book of Flames

   Spells                             Type                      Level
   a - Flame Tongue                   Conjuration/Fire             1
   b - Throw Flame                    Conjuration/Fire             2
   c - Conjure Flame                  Conjuration/Fire             3
   d - Inner Flame                    Hexes/Fire                   3
   e - Sticky Flame                   Conjuration/Fire             4
   f - Fireball                       Conjuration/Fire             5
Comestibles
 f - 14 bread rations
 o - 2 royal jellies
 u - 2 beef jerkies
 v - 3 meat rations
 M - 11 slices of pizza
 O - a fruit
 S - 7 chunks of flesh


   Skills:
 - Level 9.8 Fighting
 - Level 2.0 Maces & Flails
 + Level 11.7 Armour
 - Level 10.2 Shields


You had 9 spell levels left.
You didn't know any spells.

Dungeon Overview and Level Annotations

Branches:
Dungeon (11/15)            Temple (1/1) D:7
   Lair: D:8-11         Orc: D:9-12

Altars:
Ashenzari
Cheibriados
Dithmenos
Elyvilon
Fedhas
Gozag
Hepliaklqana
Kikubaaqudgha
Makhleb
Nemelex Xobeh
Okawaru
Qazlal
Ru
Sif Muna
Trog
Uskayaw
Vehumet
Xom
Yredelemnul
Zin
The Shining One

Shops:
D:5 (

Annotations:
D:4 Andry07's ghost, novice GrFi
D:11 1 runed door


Innate Abilities, Weirdness & Mutations

You are resistant to torment.
Your stone body is resilient. (AC +7)
You are immune to poison.
You resist negative energy. (rN+)
You are resistant to electric shocks. (rElec)
You can survive without breathing.
You are immune to petrification.
You are immune to rotting.
Your flesh is cold resistant. (rC+)
Your body sometimes deteriorates upon taking damage.
You are dopey. (Int -2)
You are resistant to hostile enchantments. (MR+)
You occasionally shout uncontrollably at your foes.


Message History

You block the hill giant's attack. The wraith hits you!
The hill giant hits you with a giant spiked club!
You block the wraith's attack.
You hit the wraith.
The wraith is almost destroyed.
You block the wraith's attack. You block the hill giant's attack.
The wraith closely misses you.
You barely miss the wraith.
The wraith is almost destroyed.
You block the hill giant's attack. The wraith barely misses you.
The hill giant hits you with a giant spiked club.
You block the wraith's attack.
You hit the wraith.
You destroy the wraith!
Okawaru accepts your kill.
You feel your intelligence returning.
The hill giant hits you with a giant spiked club.
You barely miss the hill giant. You block the hill giant's attack.
The hill giant hits you with a giant spiked club!!
You die...

########.......#
#......#.......#
#......+.......#
#......#.......# ####
#...##...###...#
#...##...##..##>##..#
#....'......###.###..
#....#.....####.####.
#...@#.....#>.._..A#.
#...>...#..C.#.....###+.####.
#.......#....#......###.###..
#.......'....#.......##A##...
#.......#....#........###....
#.......#...##...##.#....|##.
#.......#... #### #+###+####.
#.......#$.. .........<.
#....<..# ...........


You could see a hill giant.

Vanquished Creatures
  Pikel (D:8)
  The ghost of AAAAA the Skirmisher, a novice OpWr (D:5)
  A tengu conjurer (D:8)
  2 trolls (D:10)
  A hippogriff (D:9)
  A wraith (D:11)
  2 yaks (D:11)
  A human (D:8)
  A mottled dragon (D:9)
  An eye of draining (D:9)
  2 ice beasts (D:8)
  An orc warrior (D:6)
  2 sky beasts
  2 slaves (D:8)
  2 black bears
  A centaur (D:6)
  A phantom (D:6)
  2 ogres
  2 crocodiles (D:11)
  A big kobold (D:8)
  8 bullfrogs
  7 scorpions
  7 wights
  7 howler monkeys
  3 crimson imps
  A bullfrog zombie (D:6)
  A jelly (D:10)
  4 hounds
  3 orc priests
  6 orc wizards
  Jessica (D:2)
  2 bullfrog skeletons
  Terence (D:2)
  3 iguanas
  7 worker ants
  A hound skeleton (D:8)
  A hound zombie (D:9)
  14 adders
  A river rat (D:11)
  2 shadow imps (D:9)
  2 oozes
  2 adder skeletons
  3 worms
  5 dart slugs
  8 leopard geckos
  19 orcs
  9 bats
  2 giant cockroaches
  5 goblins
  9 hobgoblins
  6 jackals
  6 quokkas
  2 frilled lizards
  2 jackal skeletons
  12 kobolds
  A leopard gecko skeleton (D:7)
  A quokka zombie (D:5)
  10 rats
212 creatures vanquished.

Vanquished Creatures (others)
  A bullfrog skeleton (D:8)
  An ooze (D:8)
2 creatures vanquished.

Grand Total: 214 creatures vanquished

Notes
Turn   | Place    | Note
-------+----------+-------------------------------------------
     0 | D:1      | Andry07 the Gargoyle Fighter began the quest for the Orb.
     0 | D:1      | Reached XP level 1. HP: 14/14 MP: 1/1
   102 | D:1      | Reached XP level 2. HP: 16/20 MP: 2/2
   355 | D:1      | Reached XP level 3. HP: 24/24 MP: 3/3
   644 | D:2      | Noticed Jessica
   652 | D:2      | Killed Jessica
   652 | D:2      | Reached skill level 5 in Fighting
   729 | D:2      | Reached XP level 4. HP: 21/31 MP: 4/4
   988 | D:2      | You fall through a shaft for 2 floors!
   992 | D:4      | Noticed Andry07's ghost (novice GrFi)
  1614 | D:3      | Reached XP level 5. HP: 36/36 MP: 5/5
  2522 | D:2      | Found a shimmering altar of Xom.
  2595 | D:2      | Noticed Terence
  2602 | D:2      | Killed Terence
  2818 | D:4      | Reached XP level 6. HP: 28/44 MP: 6/6
  3480 | D:5      | Entered Level 5 of the Dungeon
  3717 | D:5      | Noticed AAAAA's ghost (novice OpWr)
  3810 | D:5      | Reached XP level 7. HP: 33/50 MP: 7/7
  3862 | D:5      | Found Ipoi's Weapon Boutique.
  3959 | D:5      | Killed AAAAA's ghost
  4361 | D:5      | Reached XP level 8. HP: 57/57 MP: 8/8
  4496 | D:5      | Reached skill level 5 in Shields
  5276 | D:6      | Found an opulent altar of Gozag.
  5584 | D:6      | Found a blossoming altar of Fedhas.
  5584 | D:6      | Found an ancient bone altar of Kikubaaqudgha.
  5584 | D:6      | Found a sparkling altar of Nemelex Xobeh.
  5617 | D:6      | Gained mutation: You are resistant to hostile enchantments. (MR+) [mutagenic meat]
  5618 | D:6      | Gained mutation: Your flesh is cold resistant. (rC+) [mutagenic meat]
  5619 | D:6      | Gained mutation: You are dopey. (Int -2) [mutagenic meat]
  6037 | D:7      | Found a staircase to the Ecumenical Temple.
  6048 | D:7      | Reached XP level 9. HP: 62/62 MP: 9/9
  6062 | Temple   | Entered the Ecumenical Temple
  6069 | Temple   | Became a worshipper of Warmaster Okawaru
  6741 | D:8      | Noticed a tengu conjurer
  6756 | D:8      | Killed a tengu conjurer
  6756 | D:8      | Reached * piety under Okawaru
  6756 | D:8      | Reached skill level 10 in Shields
  6829 | D:8      | Reached skill level 4 in Armour
  7032 | D:8      | Noticed Pikel
  7046 | D:8      | Reached skill level 5 in Armour
  7057 | D:8      | Killed Pikel
  7057 | D:8      | Reached ** piety under Okawaru
  7057 | D:8      | Reached skill level 6 in Armour
  7129 | D:8      | Reached skill level 7 in Armour
  7303 | D:8      | Reached XP level 10. HP: 68/68 MP: 10/10
  7320 | D:8      | Found a shattered altar of Ashenzari.
  7341 | D:8      | Reached skill level 8 in Armour
  7965 | D:9      | Reached skill level 9 in Armour
  7970 | D:9      | Gained mutation: Your body sometimes deteriorates upon taking damage. [mutagenic meat]
  7972 | D:9      | Gained mutation: You occasionally shout uncontrollably at your foes. [mutagenic meat]
  8104 | D:9      | Reached *** piety under Okawaru
  8560 | D:9      | Found a stormy altar of Qazlal.
  8560 | D:9      | Found a faded altar of an unknown god.
  8573 | D:9      | Found a basalt altar of Yredelemnul.
  8575 | D:9      | Found a white marble altar of Elyvilon.
  8577 | D:9      | Found a faded altar of an unknown god.
  8669 | D:10     | Entered Level 10 of the Dungeon
  8745 | D:10     | Reached skill level 10 in Armour
  9476 | D:10     | Reached skill level 11 in Armour
  9798 | D:11     | Found a runed door.
  9798 | D:11     | Found a glowing silver altar of Zin.
  9798 | D:11     | Noticed an angel
  9864 | D:11     | Reached **** piety under Okawaru
  9962 | D:11     | Noticed a hill giant
  9968 | D:11     | Mangled by a hill giant

Skill      XL: |  1  2  3  4  5  6  7  8  9 10 |
---------------+-------------------------------+-----
Fighting       | 4 5 6 7 8 9 |  9.8
Shields        | 4 8 10 | 10.2
Armour         | 7 11 | 11.7
Maces & Flails | |  2.0

Action                   |  1- 3 |  4- 6 |  7- 9 | 10-12 || total
-------------------------+-------+-------+-------+-------++-------
Melee: Flail             |    90 |   266 |   584 |   544 ||  1484
Invok: Heroism           |       |       |       |     3 ||     3
  Use: Scroll            |       |       |     8 |     2 ||    10
  Eat: Chunk             |       |     8 |    16 |    13 ||    37
       Pizza             |       |     1 |       |       ||     1
       Fruit             |       |     1 |     1 |       ||     2
Armor: Scale mail        |    63 |   144 |   302 |       ||   509
       Chain mail        |       |       |    58 |   385 ||   443
Dodge: Dodged            |    34 |    80 |   165 |   147 ||   426
Block: Shield            |    71 |   113 |   374 |   437 ||   995
